 Dungeon Crawl Stone Soup version 0.28.0-43-g3370ac3207 (webtiles) character file.

Game seed: 8579325741399449615

153 pkoi the Firebug (level 5, -2/31 HPs)
             Began as an Octopode Fire Elementalist on Mar 22, 2022.
             Killed from afar by Sigmund (9 damage)
             ... with a puff of flame
             ... on level 3 of the Dungeon.
             The game lasted 00:05:29 (3934 turns).

pkoi the Firebug (Octopode Fire Elementalist)       Turns: 3934, Time: 00:05:29

Health: -2/31      AC:  1    Str:  7    XL:     5   Next: 35%
Magic:  2/9        EV: 13    Int: 20    God:
Gold:   90         SH:  0    Dex: 12    Spells: 6/9 levels left

rFire   . . .      SeeInvis .   i - +2 falchion (protect)
rCold   . . .      Faith    .   (no shield)
rNeg    . . .      Spirit   .   (helmet restricted)
rPois   .          Reflect  .   (no amulet)
rElec   .          Harm     .   (no ring)
rCorr   .          Rampage  .   (no ring)
Will    .....                   (no ring)
Stlth   +++.......              (no ring)
HPRegen 0.10/turn               (no ring)
MPRegen 0.11/turn               (no ring)
                                (no ring)
                                (no ring)

@: no status effects
A: almost no armour, amphibious, 8 rings, camouflage 1, gelatinous body 1,
(nimble swimmer 1), tentacles
a: no special abilities


You were on level 3 of the Dungeon.
You visited 1 branch of the dungeon, and saw 3 of its levels.

You collected 90 gold pieces.

Inventory:

Hand Weapons
 c - a +0 dagger
 i - a +2 falchion of protection (weapon)
Missiles
 b - 2 boomerangs
Jewellery
 d - a +4 ring of evasion
 h - an amulet of guardian spirit
Wands
 g - a wand of charming (11)
Scrolls
 j - a scroll of summoning {unknown}
 k - a scroll of enchant weapon
Potions
 a - a potion of curing {unknown}
 e - a potion of brilliance {unknown}
 f - 2 potions of lignification {unknown}


   Skills:
 - Level 2.0 Dodging
 - Level 2.6 Stealth
 + Level 2.8 Spellcasting
 * Level 3.1 Conjurations
 * Level 4.3 Fire Magic


You had 6 spell levels left.
You knew the following spells:

 Your Spells              Type           Power      Damage    Failure   Level
a - Foxfire               Conj/Fire      68%        2x1d7     3%          1
b - Scorch                Fire           40%        2d7       3%          2

Your spell library contained the following spells:

 Spells                   Type           Power      Damage    Failure   Level
 Magic Dart               Conj           60%        1d6       4%          1
 Conjure Flame            Conj/Fire      17%        6-21      10%         3
 Inner Flame              Hex/Fire       11%        N/A       19%         3
 Call Imp                 Summ           2%         N/A       22%         2
 Mephitic Cloud           Conj/Pois/Air  7%         N/A       28%         3
 Flame Wave               Conj/Fire      17%        2d6       30%         4


Dungeon Overview and Level Annotations

Branches:
Dungeon (3/15)

Altars:
Cheibriados
Yredelemnul

Annotations:
D:3 1 runed translucent door, KittyFluff's ghost, weakling GrBe; Sigmund


Innate Abilities, Weirdness & Mutations

You cannot wear most types of armour.
You are amphibious.
You can wear up to eight rings at the same time.
Your skin changes colour to match your surroundings (Stealth+).
Your rubbery body absorbs attacks. (AC +1, EV +1)
((You are camouflaged when in or above water. (Stealth+)))
You have tentacles for arms and can constrict up to eight enemies at once.


Message History

* * * LOW HITPOINT WARNING * * *
Casting: Foxfire (safe; 3% risk of failure)
Press: ? - help, Q - select action, (/) - cycle Dir - look around, f - activate You conjure some foxfire!
An adder comes into view.
Sigmund hits you from afar with a +0 scythe!
* * * LOW HITPOINT WARNING * * *
Casting: Foxfire (safe; 3% risk of failure)
Press: ? - help, Q - select action, (/) - cycle Dir - look around, f - activate You conjure some foxfire!
The adder hisses angrily.
The foxfire hits the endoplasm.
The endoplasm is almost dead.
The foxfire hits the endoplasm!
You kill the endoplasm!
Casting: Foxfire (safe; 3% risk of failure)
Press: ? - help, Q - select action, (/) - cycle Dir - look around, f - activate You conjure some foxfire!
The foxfire hits Sigmund.
Sigmund is burned terribly!
Sigmund is almost dead.
The foxfire hits Sigmund.
Sigmund is almost dead.
Sigmund hits you from afar with a +0 scythe.
* * * LOW HITPOINT WARNING * * *
Casting: Foxfire (safe; 3% risk of failure)
Press: ? - help, Q - select action, (/) - cycle Dir - look around, f - activate You conjure some foxfire!
The foxfire hits the kobold.
The kobold is moderately wounded.
Sigmund closely misses you.
The foxfire hits the kobold but does no damage.
The kobold is moderately wounded.
The foxfire hits the kobold.
The kobold is severely wounded.
Sigmund casts a spell.
Sigmund flickers and vanishes!
Deactivating autopickup; reactivate with Ctrl-A.
A puff of flame appears from out of thin air!
The puff of flame hits you!
You die...

#######################
......................
#)..............####
###@#.#########..#
#.#.####### ##.#
#.#v....).# #.##
#K........# #..#
##'##.....# ##.##
.{.###########..# ..S..
........... .....#.
#########.# ....###.#
######...


You could see an adder and a kobold.

Vanquished Creatures
  A scorpion zombie (D:3)
  4 gnolls (D:3)
  2 adders
  An adder zombie (D:3)
  A worm (D:3)
  A dart slug (D:1)
  An orc (D:3)
  5 bats
  9 endoplasms
  4 giant cockroaches
  4 hobgoblins
  3 quokkas
  2 ball pythons
  8 frilled lizards
  6 goblins
  7 kobolds
  2 rats
61 creatures vanquished.

Vanquished Creatures (others)
  135 foxfires
135 creatures vanquished.

Grand Total: 196 creatures vanquished

Notes
Turn   | Place    | Note
-------+----------+-------------------------------------------
     0 | D:1      | pkoi the Octopode Fire Elementalist began the quest for the
                  | Orb.
     0 | D:1      | Reached XP level 1. HP: 11/11 MP: 3/3
   380 | D:1      | Reached XP level 2. HP: 17/17 MP: 3/5
   847 | D:1      | Learned a level 2 spell: Scorch
  1148 | D:1      | Reached XP level 3. HP: 16/21 MP: 4/6
  1333 | D:1      | Found a faded altar of an unknown god.
  1637 | D:2      | Found a snail-covered altar of Cheibriados.
  2805 | D:3      | Reached XP level 4. HP: 27/27 MP: 2/7
  3035 | D:3      | Reached skill level 4 in Fire Magic
  3309 | D:3      | Found a basalt altar of Yredelemnul.
  3601 | D:3      | Reached XP level 5. HP: 26/31 MP: 5/9
  3815 | D:3      | Found a runed translucent door.
  3820 | D:3      | Noticed KittyFluff's ghost (weakling GrBe)
  3925 | D:3      | Noticed Sigmund
  3934 | D:3      | Killed from afar by Sigmund

Illustrated notes

Levels and vault maps discovered:
D:1:      saegor_arrival_simple_a, layout_loops_ring,
          hellmonk_ecumenical_altar_blasted
D:2:      layout_basic, basic_altar, minmay_splitting_lines
D:3:      layout_basic, lemuel_zombie_altar_yredelemnul,
          ebering_ghost_reflecting_pool, grunt_ministairs_13, uniq_sigmund

Skill      XL: |  1  2  3  4  5 |
---------------+----------------+-----
Conjurations   | 2 3 |  3.1
Fire Magic     | 4 |  4.3
Dodging        | |  2.0
Stealth        | |  2.6
Spellcasting   | |  2.8

Action                   |  1- 3 |  4- 6 || total
-------------------------+-------+-------++-------
Melee: Dagger            |    18 |       ||    18
       Tentacles         |     8 |     3 ||    11
       Constrict         |     7 |     2 ||     9
       Falchion          |     3 |     6 ||     9
 Cast: Foxfire           |    52 |    34 ||    86
       Scorch            |    13 |    14 ||    27
  Use: Scroll            |     3 |       ||     3
 Stab: Sleeping          |     1 |       ||     1
Armor: Skin              |     5 |     2 ||     7
Dodge: Dodged            |    11 |    14 ||    25
